 Dungeon Crawl Stone Soup version 0.25-a0-97-g19cdb01801 (webtiles) character file.

Game seed: 10737234160052208727, levelgen mode: deterministic

239 Lanoc the Covered (level 6, 0/43 HPs)
             Began as a Halfling Chaos Knight on Nov 12, 2019.
             Was a Plaything of Xom.
             Slain by a hound (6 damage)
             ... on level 4 of the Dungeon.
             The game lasted 00:04:22 (2507 turns).

Lanoc the Covered (Halfling Chaos Knight)           Turns: 2507, Time: 00:04:22

Health: 0/43       AC:  5    Str: 13    XL:     6   Next: 29%
Magic:  6/6        EV: 15    Int: 10    God:    Xom [....*.]
Gold:   185        SH:  0    Dex: 16    Spells: 5/5 levels left

rFire    . . .     SeeInvis .   q - +0 hunting sling
rCold    . . .     Gourm    .   (shield restricted)
rNeg     . . .     Faith    .   b - +2 leather armour
rPois    .         Spirit   .   (no helmet)
rElec    .         Reflect  .   (no cloak)
rCorr    .         Harm     .   (no gloves)
MR       .....                  (no boots)
Stlth    +.........             (no amulet)
HPRegen  0.14/turn              (no ring)
MPRegen  0.10/turn              (no ring)

@: drained
A: small, mutation resistance 1
a: Renounce Religion


You were on level 4 of the Dungeon.
You worshipped Xom.
You were a beloved toy of Xom.
You were very hungry.

You visited 1 branch of the dungeon, and saw 4 of its levels.

You collected 185 gold pieces.

Inventory:

Hand Weapons
 a - a +0 falchion of chaos
 q - a +0 hunting sling (weapon)
Missiles
 h - 11 sling bullets (quivered)
 i - 124 stones
Armour
 b - a +2 leather armour (worn)
Scrolls
 d - 3 scrolls of identify {unknown}
 e - 3 scrolls of amnesia {unknown}
 f - 2 scrolls of enchant armour {unknown}
 g - 2 scrolls of teleportation {unknown}
 j - a scroll of noise {unknown}
 l - a scroll of remove curse {unknown}
 m - a scroll of immolation {unknown}
 p - a scroll of random uselessness {unknown}
 r - 2 scrolls of fear {unknown}
 v - a scroll of magic mapping {unknown}
Potions
 k - 2 potions of degeneration {unknown}
 n - a potion of lignification
 o - a potion of might {unknown}
 s - a potion of heal wounds {unknown}
 t - a potion of resistance {unknown}
 u - a potion of invisibility {unknown}
Comestibles
 c - 5 rations


   Skills:
 + Level 3.8(2.8) Fighting
 - Level 3.0(2.0) Long Blades
 * Level 3.2(2.2) Slings
 + Level 3.9(2.9) Armour
 + Level 3.4(2.3) Dodging


You had 5 spell levels left.
You didn't know any spells.
Your spell library was empty.

Dungeon Overview and Level Annotations

Branches:
Dungeon (4/15)
 Temple: D:4-7

Altars:
Fedhas


Innate Abilities, Weirdness & Mutations

You are small and have problems with some larger weapons.
You are somewhat resistant to further mutation.


Message History

The sling bullet completely misses the hound.
The hound closely misses you.
Your shadow imp hits the hound but does no damage.
The hound bites you.
* * * LOW HITPOINT WARNING * * *
Firing (i - inventory. (/) - cycle)
h - 13 sling bullets (quivered)
Press: ? - help, Shift-Dir - straight line, f/p - hound
Aim: a hound You shoot a sling bullet.
The sling bullet closely misses the hound.
You hear a splash.
The hound bites you but does no damage.
Your shadow imp hits the hound.
Firing (i - inventory. (/) - cycle)
h - 12 sling bullets (quivered)
Press: ? - help, Shift-Dir - straight line, f/p - hound
Aim: a hound (lightly wounded)
You shoot a sling bullet. The sling bullet misses the hound.
You hear a splash.
The hound misses you.
Your shadow imp hits the hound.
The hound bites you.
You die... "What!?
That's it?"

≈........# .........#
..≈≈.....# ≈≈((≈....#
....≈....##
.⌠≈≈.(....##########
≈≈⌠...((..##5...<..#
....((((.((h@.†.##.#
..≈≈..≈..###.##.##.###
≈≈....≈..# #(##.)....#
....≈≈...# #.#####.#.#
...≈≈....# #(# #.#.#
≈≈≈≈≈###.# #(. ..#.##
≈≈≈≈# #.. ... ####..#
#### #.. (.. ##.# #..
#.#


You could see a hound and a friendly shadow imp.

Vanquished Creatures
  A hound (D:4)
  An orc wizard (D:3)
  A worker ant (D:4)
  9 adders
  A howler monkey skeleton (D:4)
  A dart slug (D:1)
  3 leopard geckos
  4 orcs (D:3)
  8 bats
  2 giant cockroaches (D:1)
  4 goblins
  2 hobgoblins (D:1)
  6 jackals (D:1)
  A quokka (D:2)
  A frilled lizard (D:1)
  5 kobolds (D:2)
  11 rats
61 creatures vanquished.

Notes
Turn   | Place    | Note
-------+----------+-------------------------------------------
     0 | D:1      | Lanoc the Halfling Chaos Knight began the quest for the
                  | Orb.
     0 | D:1      | Reached XP level 1. HP: 15/15 MP: 1/1
    52 | D:1      | Reached XP level 2. HP: 20/20 MP: 2/2
   233 | D:1      | Reached XP level 3. HP: 25/26 MP: 3/3
   343 | D:1      | XOM: silly message
   523 | D:1      | XOM: harmless Summ miscast
   540 | D:1      | XOM: divination: magic mapping
   736 | D:2      | XOM: harmless Air miscast
   754 | D:2      | XOM: cloud trail
   785 | D:2      | XOM: potion effect (might)
   796 | D:2      | Reached XP level 4. HP: 31/31 MP: 4/4
  1007 | D:2      | XOM: divination: detect items
  1208 | D:2      | XOM: silly message
  1227 | D:2      | XOM: cloud trail
  1257 | D:2      | Found a blossoming altar of Fedhas.
  1512 | D:2      | XOM: harmless Erth miscast
  1658 | D:3      | Reached XP level 5. HP: 20/36 MP: 5/5
  1751 | D:3      | XOM: god gift: 10 gold pieces
  1799 | D:3      | XOM: enchant monster (good)
  1802 | D:3      | XOM: cast spell 'Summon Small Mammal'
  1815 | D:3      | Reached skill level 1 in Slings
  1853 | D:3      | XOM: god gift: cyan potion {god gift}
  2331 | D:4      | XOM: snakes to sticks
  2451 | D:4      | Reached XP level 6. HP: 30/43 MP: 6/6
  2467 | D:4      | XOM: fake destruction
  2502 | D:4      | XOM: summons friendly shadow imp
  2507 | D:4      | Slain by a hound

Levels and vault maps discovered:
D:1:      saegor_arrival_simple_e, layout_basic
D:2:      layout_loops_ring, lemuel_crystal_altar, chequers_big_river
D:3:      layout_rooms
D:4:      cheibrodos_helix_gallery, layout_loops_cross

Skill      XL: |  1  2  3  4  5  6 |
---------------+-------------------+-----
Fighting       | 3 |  3.8
Dodging        | 2 3 |  3.4
Armour         | 3 |  3.9
Slings         | 2 3 |  3.2
Long Blades    | |  3.0

Action                   |  1- 3 |  4- 6 || total
-------------------------+-------+-------++-------
Melee: Falchion          |    61 |    42 ||   103
 Fire: Hunting sling     |       |   118 ||   118
  Use: Potion            |       |     1 ||     1
  Eat: Chunk             |       |     4 ||     4
Armor: Leather armour    |    20 |    33 ||    53
       Skin              |       |    11 ||    11
Dodge: Dodged            |    72 |    94 ||   166
       Rpst.: Falchion   |    25 |    12 ||    37

Table legend:
 A = Non-vault XP
 B = Vault XP
 C = Vault XP percentage of total XP
 D = Non-vault monster count
 E = Vault monster count
 F = Vault count percentage of total count
                 A         B        C        D         E       F
            +---------+---------+-------+---------+---------+-------
      Total |     297 |      45 |  13.2 |      60 |       1 |   1.6
            +---------+---------+-------+---------+---------+-------
        D:1 |      49 |       0 |   0.0 |      27 |       0 |   0.0
        D:2 |      56 |       0 |   0.0 |      15 |       0 |   0.0
        D:3 |     102 |       0 |   0.0 |      12 |       0 |   0.0
        D:4 |      90 |      45 |  33.3 |       6 |       1 |  14.3
            +---------+---------+-------+---------+---------+-------
